 Dungeon Crawl Stone Soup version 0.24.0-13-gcf9b319 (webtiles) character file.

Game seed: 16519352001445396628, levelgen mode: deterministic

277 Daunt the Cudgeler (level 6, -2/47 HPs)
             Began as a Formicid Abyssal Knight on Nov 16, 2019.
             Was a Believer of Lugonu.
             Slain by a hippogriff (3 damage)
             ... on level 4 of the Dungeon.
             The game lasted 00:16:18 (4817 turns).

Daunt the Cudgeler (Formicid Abyssal Knight)        Turns: 4817, Time: 00:16:18

Health: -2/47      AC:  5    Str: 22 (23) XL:     6   Next: 50%
Magic:  8/8        EV: 11    Int: 16 (18) God:    Lugonu [**....]
Gold:   149        SH:  4    Dex:  8 (10) Spells: 5/5 levels left

rFire    . . .     SeeInvis +   a - +0 flail (protect)
rCold    . . .     Gourm    .   s - +1 buckler
rNeg     . . .     Faith    .   b - +0 leather armour
rPois    .         Spirit   .   (helmet unavailable)
rElec    .         Reflect  .   i - +1 cloak
rCorr    .         Harm     .   (no gloves)
MR       .....                  (no boots)
Stlth    +.........             (no amulet)
HPRegen  0.15/turn              p - +6 ring of intelligence
MPRegen  0.11/turn              (no ring)

@: mighty
A: permanent stasis, dig shafts and tunnels, four strong arms, antennae 3
a: Dig, Shaft Self, Depart the Abyss, Bend Space, Renounce Religion


You were on level 4 of the Dungeon.
You worshipped Lugonu.
Lugonu was pleased with you.
You were not hungry.

You visited 1 branch of the dungeon, and saw 4 of its levels.
You visited the Abyss 1 time.

You collected 149 gold pieces.

Inventory:

Hand Weapons
 a - a +0 flail of protection (weapon)
 l - a +0 hunting sling
Missiles
 e - 192 stones
 g - 39 arrows
 t - 5 boomerangs (quivered)
 w - 6 javelins
Armour
 b - a +0 leather armour (worn)
 d - a +0 chain mail
 i - a +1 cloak (worn)
 s - a +1 buckler (worn)
Jewellery
 p - a +6 ring of intelligence (left hand)
Wands
 o - a wand of iceblast (16)
Scrolls
 h - a scroll of identify {unknown}
 j - a scroll of blinking {unknown}
 k - 2 scrolls of enchant armour
 m - a scroll of remove curse {unknown}
 n - a scroll of fog
 r - a scroll of amnesia {unknown}
Potions
 f - a potion of might
 q - 2 potions of degeneration
 u - 3 potions of curing
Comestibles
 c - 8 rations
 v - 3 chunks of flesh


   Skills:
 - Level 3.2 Fighting
 + Level 5.7 Maces & Flails
 - Level 2.1 Armour
 - Level 0.8 Dodging
 + Level 2.3 Shields
 - Level 3.0 Invocations


You had 5 spell levels left.
You didn't know any spells.
Your spell library was empty.

Dungeon Overview and Level Annotations

Branches:
Dungeon (4/15)
 Temple: D:4-7

Altars:
Ashenzari
Uskayaw

Annotations:
D:3 3 runed translucent doors, FishTaco's ghost, weakling MiMo; Grinder


Innate Abilities, Weirdness & Mutations

You cannot be hasted, slowed, berserked, paralysed or teleported.
You can dig through walls and to a lower floor.
Your four strong arms can wield two-handed weapons with a shield.
You have a pair of large antennae on your head. (SInv)


Message History

The hippogriff claws you.
* * * LOW HITPOINT WARNING * * *
It was a potion of curing.
You feel better. The hippogriff completely misses you.
The hippogriff pecks you. You block the hippogriff's attack.
It was a potion of degeneration.
There was something very wrong with that liquid.
You feel weakened.
You feel dopey.
You feel clumsy. The hippogriff bites you.
* * * LOW HITPOINT WARNING * * *
The hippogriff pecks you.
* * * LOW HITPOINT WARNING * * *
The hippogriff claws you!
* * * LOW HITPOINT WARNING * * *
Unknown command.
Unknown command.
It was a potion of might.
You feel very mighty all of a sudden. The hippogriff bites you.
You die...

#.........##
#..#
#.........#
#..#
#.8.8.8.###
#..# #.......#
#..# #.#######
#..# ..
#..####### ..
###.##..<......
..
........#######
.. #...###@# #.
..# #H# . . #..
. .### . . ##.
#. ... #. ...
.. ...


You could see a hippogriff.

Vanquished Creatures
  A phantom (D:4)
  Jessica (D:2)
  4 gnolls
  4 adders
  A worm (D:2)
  2 dart slugs (D:1)
  2 leopard geckos
  5 orcs
  2 ball pythons (D:4)
  5 bats
  4 giant cockroaches
  15 goblins
  7 hobgoblins
  6 jackals
  6 frilled lizards
  4 kobolds
  3 rats
72 creatures vanquished.

Vanquished Creatures (others)
  A goblin (D:3)
1 creature vanquished.

Grand Total: 73 creatures vanquished

Notes
Turn   | Place    | Note
-------+----------+-------------------------------------------
     0 | Abyss:1  | Daunt the Formicid Abyssal Knight began the quest for the
                  | Orb.
     0 | Abyss:1  | Reached XP level 1. HP: 18/18 MP: 2/2
    46 | Abyss:1  | Noticed a small abomination
    52 | Abyss:1  | Noticed a large abomination
    57 | Abyss:1  | Noticed a chaos spawn
    59 | D:1      | Escaped the Abyss
   124 | D:1      | Reached * piety under Lugonu
   239 | D:1      | Reached XP level 2. HP: 23/24 MP: 3/3
   437 | D:1      | Reached skill level 3 in Maces & Flails
   725 | D:1      | Reached XP level 3. HP: 21/29 MP: 4/4
  1541 | D:1      | Reached skill level 4 in Maces & Flails
  1541 | D:1      | Reached XP level 4. HP: 11/35 MP: 5/5
  2338 | D:2      | Noticed Jessica
  2344 | D:2      | Killed Jessica
  2421 | D:2      | Reached XP level 5. HP: 34/41 MP: 6/6
  2811 | D:2      | Reached skill level 5 in Maces & Flails
  3782 | D:3      | Reached skill level 1 in Shields
  3856 | D:3      | Reached ** piety under Lugonu
  3926 | D:3      | Noticed Grinder
  4462 | D:3      | Noticed FishTaco's ghost (weakling MiMo)
  4479 | D:3      | Found a runed translucent gate.
  4479 | D:3      | Found a runed translucent gate.
  4481 | D:3      | Found a runed translucent gate.
  4624 | D:4      | Found a shattered altar of Ashenzari.
  4695 | D:4      | Found a hide-covered altar of Uskayaw.
  4696 | D:4      | Noticed a phantom
  4700 | D:4      | Reached XP level 6. HP: 47/47 MP: 7/7
  4762 | D:4      | Killed a phantom
  4806 | D:4      | Noticed a hippogriff
  4816 | D:4      | HP: 1/47 [hippogriff (7)]
  4817 | D:4      | Slain by a hippogriff

Levels and vault maps discovered:
D:1:      dpeg_arrival_arbitrary_a, layout_basic
D:2:      layout_basic, chequers_garden, nicolae_underground_beach, uniq_jessica
D:3:      layout_basic, first_ration, gammafunk_ghost_split, uniq_grinder
D:4:      layout_loops_ring, eat_drink_and_be_merry_uskayaw,
          evilmike_ruin_ashenzari, lightli_sewer_entry_pipes

Skill      XL: |  1  2  3  4  5  6 |
---------------+-------------------+-----
Maces & Flails | 3 4 5 |  5.7
Shields        | 1 2 |  2.3
Invocations    | 3 |  3.0
Fighting       | |  3.2
Armour         | |  2.1
Dodging        | |  0.8

Action                   |  1- 3 |  4- 6 || total
-------------------------+-------+-------++-------
Melee: Mace              |    74 |   151 ||   225
       Flail             |       |    50 ||    50
 Fire: Hunting sling     |       |    13 ||    13
Throw: Stone             |     5 |     5 ||    10
       Boomerang         |       |    20 ||    20
Invok: Depart the Abyss  |     1 |       ||     1
 Abil: Dig               |     2 |     1 ||     3
  Use: Scroll            |       |     3 ||     3
       Potion            |       |     3 ||     3
 Stab: Sleeping          |       |     1 ||     1
  Eat: Chunk             |     1 |    12 ||    13
Armor: Leather armour    |    17 |    39 ||    56
Dodge: Dodged            |    42 |   108 ||   150
Block: Buckler           |       |    15 ||    15
